| TOP OF THE 1ST |
|
Texas (APP) Rangers batting - Pitching for Burlington Royals : RHP Paul Gibbens
|
|
Pitching: RHP Paul Gibbens
|
|
|
Batting: SHB Tim Rogers
|
0-0: Ball 1-0: SINGLE (Groundball, 6D, EV 108.8 MPH)
|
|
Batting: LHB Eddie Reyes
|
0-0: Foul Ball, location: 2F 0-1: Foul Ball, location: 2F 0-2: Foul Ball, location: 2F 0-2: Ball Pickoff Throw to First - Out! 1-3 CS 1-2: SINGLE (Groundball, 5D, EV 105.0 MPH)
|
|
Batting: RHB Luis Reyna
|
0-0: Ball Eddie Reyes steals 2nd base 1-0: SINGLE (Groundball, 6MD, EV 107.5 MPH) Eddie Reyes to third Runner from 3rd tries for Home, throw by CF and OUT! 8-2
|
|
Batting: RHB Jerry Foster
|
0-0: Called Strike Luis Reyna steals 2nd base 0-1: Ball 1-1: Called Strike 1-2: Strikes out looking
|
| Top of the 1st over - 0 runs, 3 hits, 0 errors, 1 left on base; Texas (APP) 0 - Burlington 0 |
| BOTTOM OF THE 1ST |
|
Burlington Royals batting - Pitching for Texas (APP) Rangers : RHP Bobby Scott
|
|
Pitching: RHP Bobby Scott
|
|
|
Batting: RHB Shura Mogilny
|
0-0: Called Strike 0-1: Swinging Strike 0-2: Ball 1-2: Ball 2-2: Ground out 4-3 (Groundball, 4M, EV 101.9 MPH)
|
|
Batting: RHB Tim Williams
|
0-0: Foul Ball, location: 2F 0-1: Called Strike 0-2: Strikes out swinging
|
|
Batting: RHB Hugo Chavez
|
0-0: Foul Ball, location: 2F 0-1: Swinging Strike 0-2: Ball 1-2: Strikes out swinging
|
| Bottom of the 1st over - 0 runs, 0 hits, 0 errors, 0 left on base; Texas (APP) 0 - Burlington 0 |
| TOP OF THE 2ND |
|
Texas (APP) Rangers batting - Pitching for Burlington Royals : RHP Paul Gibbens
|
|
Batting: RHB Nick Solberg
|
0-0: Ball 1-0: Ball 2-0: Ball 3-0: Called Strike 3-1: Swinging Strike 3-2: Foul Ball, location: 2F 3-2: Foul Ball, location: 2F 3-2: Strikes out looking
|
|
Batting: RHB Luis Solorzano
|
0-0: Ball 1-0: Ball 2-0: Foul Ball, location: 2F 2-1: Ball 3-1: Base on Balls
|
|
Batting: LHB Santino Pisanello
|
0-0: Ball Luis Solorzano steals 2nd base (no throw) 1-0: Called Strike 1-1: Ball 2-1: Ground out 6-3 (Groundball, 6, EV 91.9 MPH) Luis Solorzano to third
|
|
Batting: SHB Albert Ortiz
|
0-0: Ball 1-0: Called Strike 1-1: SINGLE (Groundball, 4MD, EV 106.9 MPH) Luis Solorzano scores
|
|
Batting: LHB Bobby Scott
|
0-0: SINGLE (Line Drive, 89S, EV 91.9 MPH) Albert Ortiz to second Runner from 2nd tries for 3rd, SAFE, no throw by RF
|
|
Batting: SHB Tim Rogers
|
0-0: Ball 1-0: Ball 2-0: Called Strike 2-1: Called Strike 2-2: Ball 3-2: Strikes out looking
|
| Top of the 2nd over - 1 run, 2 hits, 0 errors, 2 left on base; Texas (APP) 1 - Burlington 0 |
| BOTTOM OF THE 2ND |
|
Burlington Royals batting - Pitching for Texas (APP) Rangers : RHP Bobby Scott
|
|
Batting: RHB Jason Conner
|
0-0: Ball 1-0: Ground out 5-3 (Groundball, 56S, EV 83.1 MPH)
|
|
Batting: RHB David Rubio
|
0-0: Ball 1-0: Ball 2-0: Ball 3-0: Called Strike 3-1: Swinging Strike 3-2: Foul Ball, location: 2F 3-2: Strikes out swinging
|
|
Batting: RHB Juan Nieves
|
0-0: Called Strike 0-1: Swinging Strike 0-2: Strikes out swinging
|
| Bottom of the 2nd over - 0 runs, 0 hits, 0 errors, 0 left on base; Texas (APP) 1 - Burlington 0 |
| TOP OF THE 3RD |
|
Texas (APP) Rangers batting - Pitching for Burlington Royals : RHP Paul Gibbens
|
|
Batting: LHB Eddie Reyes
|
0-0: Ball 1-0: Ball 2-0: Foul Ball, location: 2F 2-1: Foul Ball, location: 2F 2-2: Fly out, F8 (Flyball, 89M, EV 88.8 MPH)
|
|
Batting: RHB Luis Reyna
|
0-0: Fly out, F7 (Flyball, 78XD, EV 81.2 MPH)
|
|
Batting: RHB Jerry Foster
|
0-0: Ball 1-0: SINGLE (Line Drive, 89S, EV 91.9 MPH)
|
|
Batting: RHB Nick Solberg
|
0-0: Ball 1-0: Called Strike Jerry Foster steals 2nd base 1-1: Fly out, F9 (Flyball, 9, EV 85.6 MPH)
|
| Top of the 3rd over - 0 runs, 1 hit, 0 errors, 1 left on base; Texas (APP) 1 - Burlington 0 |
| BOTTOM OF THE 3RD |
|
Burlington Royals batting - Pitching for Texas (APP) Rangers : RHP Bobby Scott
|
|
Batting: LHB Jayden Pelayo
|
0-0: Foul Ball, location: 2F 0-1: Ball 1-1: Ball 2-1: Swinging Strike 2-2: Ball 3-2: Ground out 1-3 (Groundball, 34S, EV 70.0 MPH)
|
|
Batting: SHB Glenn Harrison
|
0-0: Ball 1-0: Ball 2-0: Called Strike 2-1: Called Strike 2-2: Ground out 5-3 (Groundball, 5, EV 84.4 MPH)
|
|
Batting: RHB Angel Melendez
|
0-0: Ball 1-0: Ball 2-0: Ball 3-0: Base on Balls
|
|
Batting: RHB Shura Mogilny
|
0-0: Ball 1-0: Ground out 6-3 (Groundball, 6M, EV 101.9 MPH)
|
| Bottom of the 3rd over - 0 runs, 0 hits, 0 errors, 1 left on base; Texas (APP) 1 - Burlington 0 |
| TOP OF THE 4TH |
|
Texas (APP) Rangers batting - Pitching for Burlington Royals : RHP Paul Gibbens
|
|
Batting: RHB Luis Solorzano
|
0-0: Ball 1-0: Ball 2-0: Ball 3-0: Base on Balls
|
|
Batting: LHB Santino Pisanello
|
0-0: Ball 1-0: Called Strike 1-1: Fielders Choice at 2nd, 2-6 (Groundball, 2R, EV 74.4 MPH)
|
|
Batting: SHB Albert Ortiz
|
0-0: Foul Ball, location: 2F 0-1: Ball Wild Pitch! Santino Pisanello to second 1-1: Foul Ball, location: 2F 1-2: Ball 2-2: Ball 3-2: Base on Balls
|
|
Batting: LHB Bobby Scott
|
0-0: Ball 1-0: Ball 2-0: Ball 3-0: Called Strike 3-1: Foul Ball, location: 2F 3-2: SINGLE (Groundball, 34D, EV 102.5 MPH) Santino Pisanello to third Albert Ortiz to second Runner from 3rd tries for Home, SAFE, throw by RF to home
|
|
Pitching: LHP Ken Milhouse
|
|
|
Batting: SHB Tim Rogers
|
0-0: Ball Passed Ball! Albert Ortiz to third Bobby Scott to second 1-0: Ball 2-0: Ground out 6-3 (Groundball, 6, EV 100.6 MPH) Albert Ortiz scores
|
|
Batting: LHB Eddie Reyes
|
0-0: Ball 1-0: Ball 2-0: Ball 3-0: Base on Balls
|
|
Batting: RHB Luis Reyna
|
0-0: Ball 1-0: Ball 2-0: Foul Ball, location: 2F 2-1: Reached on error, E5 (Groundball, 56, EV 88.1 MPH) Bobby Scott to third Eddie Reyes to second
|
|
Batting: RHB Jerry Foster
|
0-0: Swinging Strike 0-1: Swinging Strike 0-2: Strikes out swinging
|
| Top of the 4th over - 2 runs, 1 hit, 1 error, 3 left on base; Texas (APP) 3 - Burlington 0 |
| BOTTOM OF THE 4TH |
|
Burlington Royals batting - Pitching for Texas (APP) Rangers : RHP Bobby Scott
|
|
Batting: RHB Tim Williams
|
0-0: Swinging Strike 0-1: Swinging Strike 0-2: Ball 1-2: Strikes out looking
|
|
Batting: RHB Hugo Chavez
|
0-0: Called Strike 0-1: Hit by Pitch
|
|
Batting: RHB Jason Conner
|
0-0: Called Strike 0-1: Ball 1-1: SINGLE (Groundball, 56D, EV 105.0 MPH) Hugo Chavez to second
|
|
Batting: RHB David Rubio
|
0-0: Ball 1-0: Foul Ball, location: 2F 1-1: Ball 2-1: Called Strike 2-2: DOUBLE (Line Drive, 89D, EV 101.9 MPH) Hugo Chavez scores Jason Conner to third
|
|
Batting: RHB Juan Nieves
|
0-0: Ground out U3 (Groundball, 34, EV 83.8 MPH) Jason Conner scores David Rubio to third
|
|
Batting: LHB Jayden Pelayo
|
0-0: Ball 1-0: Swinging Strike 1-1: Called Strike 1-2: Ball 2-2: Ball 3-2: Strikes out swinging
|
| Bottom of the 4th over - 2 runs, 2 hits, 0 errors, 1 left on base; Texas (APP) 3 - Burlington 2 |
| TOP OF THE 5TH |
|
Texas (APP) Rangers batting - Pitching for Burlington Royals : LHP Ken Milhouse
|
|
Batting: RHB Nick Solberg
|
0-0: Foul Ball, location: 2F 0-1: Ball 1-1: Foul Ball, location: 2F 1-2: SINGLE (Line Drive, 56, EV 98.8 MPH)
|
|
Batting: RHB Luis Solorzano
|
0-0: Ball 1-0: Ball 2-0: Called Strike 2-1: Ball 3-1: Base on Balls Nick Solberg to second
|
|
Batting: LHB Santino Pisanello
|
0-0: Called Strike 0-1: Foul Ball, location: 2F 0-2: Ball 1-2: Foul Ball, location: 2F 1-2: Ball 2-2: Ball 3-2: Foul Ball, location: 2F 3-2: Fly out, F1 (Line Drive, P, EV 60.0 MPH)
|
|
Batting: SHB Albert Ortiz
|
0-0: Ball 1-0: Called Strike 1-1: Called Strike 1-2: Strikes out swinging
|
|
Batting: LHB Bobby Scott
|
0-0: Ball 1-0: Called Strike 1-1: Foul Ball, location: 2F 1-2: Foul Ball, location: 2F 1-2: Foul Ball, location: 2F 1-2: Fielders Choice at 2nd, 6-4 (Groundball, 56, EV 77.5 MPH)
|
| Top of the 5th over - 0 runs, 1 hit, 0 errors, 2 left on base; Texas (APP) 3 - Burlington 2 |
| BOTTOM OF THE 5TH |
|
Burlington Royals batting - Pitching for Texas (APP) Rangers : RHP Bobby Scott
|
|
Batting: SHB Glenn Harrison
|
0-0: Ball 1-0: Called Strike 1-1: Fly out, F8 (Flyball, 8RD, EV 98.1 MPH)
|
|
Batting: RHB Angel Melendez
|
0-0: Called Strike 0-1: Ball 1-1: Ball 2-1: Foul Ball, location: 2F 2-2: Strikes out looking
|
|
Batting: RHB Shura Mogilny
|
0-0: Ball 1-0: Ball 2-0: Called Strike 2-1: Ball 3-1: Reached on error, E7 (Flyball, 7S, EV 90.6 MPH)
|
|
Batting: RHB Tim Williams
|
0-0: Ball 1-0: Ball 2-0: Foul Ball, location: 2F 2-1: Called Strike 2-2: Fly out, F9 (Flyball, 9, EV 80.6 MPH)
|
| Bottom of the 5th over - 0 runs, 0 hits, 1 error, 1 left on base; Texas (APP) 3 - Burlington 2 |
| TOP OF THE 6TH |
|
Texas (APP) Rangers batting - Pitching for Burlington Royals : LHP Ken Milhouse
|
|
Pitching: RHP Joey Ferguson
|
|
|
Batting: SHB Tim Rogers
|
0-0: Ball 1-0: Fly out, F8 (Line Drive, 78M, EV 100.0 MPH)
|
|
Batting: LHB Eddie Reyes
|
0-0: Ball 1-0: Foul Ball, location: 2F 1-1: Foul Ball, location: 2F 1-2: Foul Ball, location: 2F 1-2: Reached on error, E5 (Groundball, 56S, EV 84.4 MPH)
|
|
Batting: RHB Luis Reyna
|
Pickoff Throw to First - Error! E1 Eddie Reyes to second 0-0: Fly out, F8 (Flyball, 8LXD, EV 105.0 MPH)
|
|
Batting: RHB Jerry Foster
|
0-0: Ball 1-0: Called Strike 1-1: Swinging Strike 1-2: Foul Ball, location: 2F 1-2: Foul Ball, location: 2F 1-2: Ball 2-2: Ball 3-2: Base on Balls
|
|
Batting: RHB Nick Solberg
|
0-0: Called Strike 0-1: Swinging Strike 0-2: Ball 1-2: DOUBLE (Line Drive, 89M, EV 95.0 MPH) Eddie Reyes scores Jerry Foster to third Runner from 3rd tries for Home, throw by RF and OUT! 9-4-2
|
| Top of the 6th over - 1 run, 1 hit, 2 errors, 1 left on base; Texas (APP) 4 - Burlington 2 |
| BOTTOM OF THE 6TH |
|
Burlington Royals batting - Pitching for Texas (APP) Rangers : RHP Bobby Scott
|
|
Batting: RHB Hugo Chavez
|
0-0: Ball 1-0: Ball 2-0: Ball 3-0: Ground out 6-3 (Groundball, 6, EV 85.6 MPH)
|
|
Batting: RHB Jason Conner
|
0-0: Ball 1-0: Ball 2-0: Ball 3-0: Called Strike 3-1: Base on Balls
|
|
Batting: RHB David Rubio
|
0-0: Ball 1-0: Called Strike 1-1: Foul Ball, location: 2F 1-2: Strikes out swinging
|
|
Batting: RHB Juan Nieves
|
0-0: Foul Ball, location: 2F 0-1: Ground out 4-3 (Groundball, 34, EV 88.1 MPH)
|
| Bottom of the 6th over - 0 runs, 0 hits, 0 errors, 1 left on base; Texas (APP) 4 - Burlington 2 |
| TOP OF THE 7TH |
|
Texas (APP) Rangers batting - Pitching for Burlington Royals : RHP Joey Ferguson
|
|
Batting: RHB Luis Solorzano
|
0-0: Called Strike 0-1: Ball 1-1: Foul Ball, location: 2F 1-2: Foul Ball, location: 2F 1-2: Foul Ball, location: 2F 1-2: Foul Ball, location: 2F 1-2: Foul Ball, location: 2F 1-2: Strikes out swinging
|
|
Batting: LHB Santino Pisanello
|
0-0: Ball 1-0: Foul Ball, location: 2F 1-1: Foul Ball, location: 2F 1-2: Ball 2-2: SINGLE (Groundball, 6, EV 96.9 MPH)
|
|
Pitching: RHP Oscar Cisneros
|
|
|
Batting: SHB Albert Ortiz
|
0-0: Ball 1-0: Ball Pickoff Throw to First - Error! E1 Santino Pisanello to second 2-0: Swinging Strike 2-1: Fly out, F7 (Flyball, 78S, EV 80.0 MPH)
|
|
Batting: LHB Bobby Scott
|
0-0: Ball 1-0: Foul Ball, location: 2F 1-1: Swinging Strike 1-2: Strikes out swinging
|
| Top of the 7th over - 0 runs, 1 hit, 1 error, 1 left on base; Texas (APP) 4 - Burlington 2 |
| BOTTOM OF THE 7TH |
|
Burlington Royals batting - Pitching for Texas (APP) Rangers : RHP Bobby Scott
|
|
Batting: LHB Jayden Pelayo
|
0-0: Ball 1-0: DOUBLE (Flyball, 78XD, EV 105.6 MPH)
|
|
Batting: SHB Glenn Harrison
|
0-0: Called Strike 0-1: Called Strike 0-2: Ball 1-2: Foul Ball, location: 2F 1-2: Ground out 1-3 (Groundball, 15S, EV 68.1 MPH)
|
|
Batting: RHB Angel Melendez
|
0-0: Called Strike 0-1: Ground out 1-3 (Groundball, 13, EV 75.6 MPH) Jayden Pelayo to third
|
|
Batting: RHB Shura Mogilny
|
0-0: Ground out 6-3 (Groundball, 6, EV 85.6 MPH)
|
| Bottom of the 7th over - 0 runs, 1 hit, 0 errors, 1 left on base; Texas (APP) 4 - Burlington 2 |
| TOP OF THE 8TH |
|
Texas (APP) Rangers batting - Pitching for Burlington Royals : RHP Oscar Cisneros
|
|
Batting: SHB Tim Rogers
|
0-0: Called Strike 0-1: Called Strike 0-2: Strikes out swinging
|
|
Batting: LHB Eddie Reyes
|
0-0: Swinging Strike 0-1: Foul Ball, location: 2F 0-2: Ball 1-2: Foul Ball, location: 2F 1-2: Strikes out swinging
|
|
Batting: RHB Luis Reyna
|
0-0: Ball 1-0: Ground out U3 (Groundball, 3, EV 101.2 MPH)
|
| Top of the 8th over - 0 runs, 0 hits, 0 errors, 0 left on base; Texas (APP) 4 - Burlington 2 |
| BOTTOM OF THE 8TH |
|
Burlington Royals batting - Pitching for Texas (APP) Rangers : RHP Bobby Scott
|
|
Batting: RHB Tim Williams
|
0-0: Swinging Strike 0-1: Called Strike 0-2: Strikes out swinging
|
|
Pitching: LHP Alex Boites
|
|
|
Batting: RHB Hugo Chavez
|
0-0: Swinging Strike 0-1: Swinging Strike 0-2: Ball 1-2: Strikes out swinging
|
|
Batting: RHB Jason Conner
|
0-0: SOLO HOME RUN (Flyball, 7D, EV 102.5 MPH), Distance : 370 ft
|
|
Batting: RHB David Rubio
|
0-0: Called Strike 0-1: Ball 1-1: Swinging Strike 1-2: Strikes out swinging
|
| Bottom of the 8th over - 1 run, 1 hit, 0 errors, 0 left on base; Texas (APP) 4 - Burlington 3 |
| TOP OF THE 9TH |
|
Texas (APP) Rangers batting - Pitching for Burlington Royals : RHP Oscar Cisneros
|
|
Batting: RHB Jerry Foster
|
0-0: Ball 1-0: Ball 2-0: Ball 3-0: Called Strike 3-1: SINGLE (Groundball, 5S, EV 65.0 MPH) (infield hit)
|
|
Batting: RHB Nick Solberg
|
0-0: Ball 1-0: Ball 2-0: Called Strike 2-1: SINGLE (Line Drive, 78S, EV 101.2 MPH) Jerry Foster to second
|
|
Batting: RHB Luis Solorzano
|
0-0: Called Strike Jerry Foster steals 3rd base Nick Solberg to second 0-1: Ground out 4-3 (Groundball, 4S, EV 66.9 MPH)
|
|
Batting: LHB Santino Pisanello
|
0-0: Intentional Walk
|
|
Pitching: RHP Chance Griffin
|
|
|
Batting: SHB Albert Ortiz
|
0-0: Foul Ball, location: 2F 0-1: Foul Ball, location: 2F 0-2: Foul Ball, location: 2F 0-2: Foul Ball, location: 2F 0-2: Ball 1-2: SINGLE (Groundball, 34D, EV 96.9 MPH) Jerry Foster scores Nick Solberg to third Santino Pisanello to second Runner from 3rd tries for Home, SAFE, throw by RF to home
|
|
Batting: LHB Bobby Scott
|
0-0: Ball Wild Pitch! Santino Pisanello to third Albert Ortiz to second 1-0: Ball 2-0: Ball 3-0: Base on Balls
|
|
Batting: SHB Tim Rogers
|
0-0: Foul Ball, location: 2F 0-1: Foul Ball, location: 2F 0-2: Strikes out swinging
|
|
Batting: LHB Eddie Reyes
|
0-0: Foul Ball, location: 2F 0-1: Ball 1-1: Ball 2-1: Ball 3-1: Base on Balls Santino Pisanello scores Albert Ortiz to third Bobby Scott to second
|
|
Batting: RHB Luis Reyna
|
0-0: Ball 1-0: Ball 2-0: Ball 3-0: Base on Balls Albert Ortiz scores Bobby Scott to third Eddie Reyes to second
|
|
Batting: RHB Jerry Foster
|
0-0: Fielders Choice at 2nd, 5-4 (Groundball, 56, EV 95.0 MPH)
|
| Top of the 9th over - 4 runs, 3 hits, 0 errors, 3 left on base; Texas (APP) 8 - Burlington 3 |
| BOTTOM OF THE 9TH |
|
Burlington Royals batting - Pitching for Texas (APP) Rangers : LHP Alex Boites
|
|
Batting: RHB Juan Nieves
|
0-0: Called Strike 0-1: Ball 1-1: Ball 2-1: Called Strike 2-2: Strikes out looking
|
|
Batting: LHB Jayden Pelayo
|
0-0: Swinging Strike 0-1: Foul Ball, location: 2F 0-2: Foul Ball, location: 2F 0-2: Strikes out swinging
|
|
Batting: SHB Glenn Harrison
|
0-0: Called Strike 0-1: Swinging Strike 0-2: Ball 1-2: Strikes out looking
|
| Bottom of the 9th over - 0 runs, 0 hits, 0 errors, 0 left on base; Texas (APP) 8 - Burlington 3 |
|